 Dungeon Crawl Stone Soup version 0.25.0-9-g26727b657a (webtiles) character file.

Game seed: 11421178789619689278

132017 gruber the Phalangite (level 16, -1/139 HPs)
             Began as a Minotaur Gladiator on June 16, 2020.
             Was the Champion of Okawaru.
             Slain by the 27-headed Lernaean hydra (5 damage)
             ... on level 4 of the Swamp.
             The game lasted 00:58:03 (39284 turns).

gruber the Phalangite (Minotaur Gladiator)         Turns: 39284, Time: 00:58:03

Health: -1/139     AC: 24    Str: 24    XL:     16   Next: 56%
Magic:  0/24       EV: 15    Int:  5    God:    Okawaru [******]
Gold:   2487       SH:  0    Dex: 16    Spells: 13/15 levels left

rFire    . . .     SeeInvis .   d - +2 longbow (freeze)
rCold    + + .     Gourm    .   (shield currently unavailable)
rNeg     . . .     Faith    .   C - +0 ice dragon scales
rPois    +         Spirit   +   h - +1 hat
rElec    .         Reflect  .   A - +1 cloak
rCorr    .         Harm     .   o - +2 pair of gloves {archery}
MR       +....                  Z - +1 pair of boots
Stlth    ..........             k - amulet of guardian spirit
HPRegen  0.33/turn              R - ring of Pikeali {rPois MP+9 Dex+2}
MPRegen  0.19/turn              Y - ring of protection from fire

@: about to teleport, very slightly contaminated, starving, lightly drained
A: retaliatory headbutt, horns 2, deterioration 1
a: Heroism, Finesse, Renounce Religion


You were on level 4 of the Swamp.
You worshipped Okawaru.
Okawaru was exalted by your worship.
You were starving.

You visited 5 branches of the dungeon, and saw 28 of its levels.
You visited the Abyss 1 time.
You also visited: Ossuary and Ice Cave.

You collected 2877 gold pieces.
You spent 390 gold pieces at shops.

Inventory:

Hand Weapons
 a - a +0 quarterstaff
 d - a +2 longbow of freezing (weapon)
 D - the +10 bardiche "Lulantog" {vorpal, Stlth+}
   (Okawaru gifted it to you on level 14 of the Dungeon)

   It inflicts extra damage upon your enemies.
   It makes you more stealthy.
 J - the +6 dagger of Ambiguity {vorpal, rF+}
   (You found it on level 6 of the Dungeon)

   It inflicts extra damage upon your enemies.
   It protects you from fire.
Missiles
 l - 30 curare-tipped darts
 P - 360 arrows (quivered)
 Q - 7 javelins
 U - 11 silver javelins
Armour
 h - a +1 hat (worn)
 o - a +2 pair of gloves of archery (worn)
 A - a +1 cloak (worn)
 C - +0 ice dragon scales (worn)
 Z - a +1 pair of boots (worn)
Jewellery
 e - the ring "Vuac" {Ice rElec Str+7 Int-5}
   (You found it on level 2 of the Lair of Beasts)

   [ring of ice]

   It enhances your ice magic.
   It affects your strength (+7).
   It affects your intelligence (-5).
   It makes you vulnerable to fire.
   It protects you from cold.
   It insulates you from electricity.
 k - an amulet of guardian spirit (around neck)
 R - the ring of Pikeali (left hand) {rPois MP+9 Dex+2}
   (You bought it in a shop on level 2 of the Orcish Mines)

   [ring of magical power]

   It affects your dexterity (+2).
   It protects you from poison.
   It affects your magic capacity (+9).
 V - an uncursed ring of protection from magic
 Y - a ring of protection from fire (right hand)
Wands
 t - a wand of flame (16)
 M - a wand of disintegration (6)
 O - a wand of digging (8)
 S - a wand of acid (2)
 T - a wand of random effects (18)
 W - a wand of paralysis (8)
Scrolls
 b - 5 scrolls of immolation
 c - a scroll of vulnerability
 i - 24 scrolls of remove curse
 p - 2 scrolls of fog
 s - a scroll of acquirement {unknown}
 v - 7 scrolls of enchant weapon {unknown}
 w - 2 scrolls of enchant armour
 y - 6 scrolls of fear {unknown}
 z - 6 scrolls of blinking
 B - 2 scrolls of identify
 H - 7 scrolls of teleportation
 I - 2 scrolls of magic mapping
 N - a scroll of random uselessness {unknown}
Potions
 g - 4 potions of magic
 j - 6 potions of might
 m - 6 potions of ambrosia
 n - 5 potions of flight
 q - 7 potions of heal wounds
 r - 6 potions of stabbing
 u - 16 potions of curing
 x - 5 potions of invisibility
 E - 3 potions of haste
 F - a potion of cancellation
 G - 2 potions of lignification
 K - 4 potions of brilliance
 X - a potion of resistance
Comestibles
 f - 39 rations


   Skills:
 - Level 12.0(11.4) Fighting
 - Level 6.0(5.5) Short Blades
 - Level 21.1(21.5) Polearms
 - Level 14.0(18.3) Staves
 - Level 10.6(10.0) Bows
 - Level 2.0(1.5) Throwing
 - Level 14.3(13.7) Armour
 - Level 8.0(7.4) Dodging
 * Level 1.7(1.2) Translocations


You had 13 spell levels left.
You knew the following spells:

 Your Spells              Type           Power        Failure   Level  Hunger
a - Blink                 Tloc           N/A          71%         2    ###....

Your spell library contained the following spells:

 Spells                   Type           Power        Failure   Level  Hunger
 Animate Skeleton         Necr           N/A          75%         1    ##.....
 Foxfire                  Conj/Fire      #...         75%         1    ##.....
 Magic Dart               Conj           #...         75%         1    ##.....
 Pain                     Necr           #...         75%         1    ##.....
 Shock                    Conj/Air       #...         75%         1    ##.....
 Call Imp                 Summ           #.......     87%         2    ###....
 Slow                     Hex            #.......     87%         2    ###....
 Swiftness                Chrm/Air       #.......     87%         2    ###....
 Conjure Flame            Conj/Fire      #.......     98%         3    ####...
 Inner Flame              Hex/Fire       #.......     98%         3    ####...
 Mephitic Cloud           Conj/Pois/Air  #.......     98%         3    ####...
 Static Discharge         Conj/Air       #.......     98%         3    ####...
 Vampiric Draining        Necr           #.........   98%         3    ####...
 Airstrike                Air            #.........   100%        4    #####..
 Animate Dead             Necr           N/A          100%        4    #####..
 Sticky Flame             Conj/Fire      #.......     100%        4    #####..
 Summon Lightning Spire   Summ/Air       #.......     100%        4    #####..
 Agony                    Necr           #.......     100%        5    ######.
 Bolt of Magma            Conj/Fire/Erth #.........   100%        5    ######.
 Fireball                 Conj/Fire      #.........   100%        5    ######.
 Iskenderun's Battlesphe  Conj/Chrm      #.......     100%        5    ######.
 Lightning Bolt           Conj/Air       #.........   100%        5    ######.
 Silence                  Hex/Air        #.........   100%        5    ######.
 Conjure Ball Lightning   Conj/Air       #.........   100%        6    #######
 Iron Shot                Conj/Erth      #.........   100%        6    #######
 Orb of Destruction       Conj           #.........   100%        7    #######
 Spellforged Servitor     Conj/Summ      #.........   100%        7    #######
 Tornado                  Air            #.........   100%        9    #######


Dungeon Overview and Level Annotations

Branches:
Dungeon (15/15)            Temple (1/1) D:5            Lair (6/6) D:8
  Swamp (4/4) Lair:3       Spider (0/4) Lair:3        Slime (0/5) Lair:6
    Orc (2/2) D:12            Elf (0/3) Orc:2        Vaults (0/5) D:14
 Depths (0/5) D:15        Ossuary (visited)           IceCv (visited)

Altars:
Ashenzari
Dithmenos
Elyvilon
Gozag
Kikubaaqudgha
Makhleb
Okawaru
Qazlal
Ru
Sif Muna
Trog
Uskayaw
Vehumet
Xom
Yredelemnul
The Shining One
Beogh

Shops:
D:5 %   D:6 [   D:11 }   D:12 !   Orc:2 *=?*

Portals:
Hell: Lair:6

Annotations:
Lair:4 exclusion: oklob plant
Lair:6 exclusion: 2 oklob plants
Swamp:1 2 transporters
Swamp:2 3 runed translucent doors, xfalz's ghost, journeyman GnSk
Swamp:4 Lernaean hydra


Innate Abilities, Weirdness & Mutations

You reflexively headbutt those who attack you in melee.
You have a pair of horns on your head.
Your body sometimes deteriorates upon taking damage.


Message History

Unknown command.
Unknown command.
Unknown command.
Unknown command.
Unknown command.
Unknown command.
Unknown command.
Unknown command.
Unknown command.
Unknown command.
The 27-headed Lernaean hydra bites you!
* * * LOW HITPOINT WARNING * * *
The 27-headed Lernaean hydra bites you but does no damage.
The 27-headed Lernaean hydra barely misses you.
The 27-headed Lernaean hydra bites you!
* * * LOW HITPOINT WARNING * * *
The 27-headed Lernaean hydra bites you but does no damage.
The 27-headed Lernaean hydra completely misses you.
The 27-headed Lernaean hydra bites you.
You die...

♣..≈≈≈≈.♣♣♣..≈≈≈.♣♣♣♣♣
♣≈≈≈≈≈D≈♣ ♣♣.≈≈≈≈.}≈.♣♣
♣≈≈≈≈≈≈.♣♣ ♣<≈≈≈≈≈≈≈≈.♣
..≈≈≈≈≈§≈≈♣♣♣....≈≈≈≈.♣♣
.≈..≈≈≈≈≈≈...≈≈≈..≈≈≈≈.♣
...≈≈≈≈≈≈≈≈§.♣≈≈♣.≈≈≈≈≈♣
≈...≈≈≈≈≈≈≈.♣♣...♣..♣♣♣
.≈≈≈≈≈≈≈≈≈≈≈.♣♣≈D.♣♣♣♣
♣.≈≈≈..≈≈≈≈≈≈≈.♣@≈≈♣
...≈..≈≈≈≈≈≈≈≈.♣♣♣♣♣♣
≈§♣♣♣♣♣.≈≈≈≈≈..♣♣≈.≈♣
.....♣≈.♣.≈.≈..≈≈≈≈.♣
≈≈≈≈≈≈≈≈..≈≈[≈≈.♣≈≈.♣
≈≈≈≈≈≈≈♣♣♣≈♣.≈≈.♣♣.♣♣
≈≈≈≈≈≈♣♣ ♣♣♣♣..♣♣♣♣♣
..≈D≈≈≈♣♣♣ ♣♣♣♣
D.≈...≈♣≈♣♣


You could see the 27-headed Lernaean hydra.

Vanquished Creatures
  Kirke (Swamp:4)
  A thorn hunter (Swamp:4)
  A dire elephant (Lair:6)
  4 vault guards
  2 ice dragons (D:15)
  A hell beast (Lair:6)
  3 ghost crabs
  23 hydras
  4 centaur warriors
  4 shambling mangroves
  12 alligators
  3 two-headed ogres
  A tengu warrior (D:14)
  3 orc high priests (Orc:2)
  5 spriggans
  Sonja (D:10)
  2 spriggan druids (Swamp:3)
  10 swamp dragons
  A wizard (Lair:6)
  A wolf spider zombie (D:15)
  4 orc knights (Orc:2)
  8 orc sorcerers
  2 deep elf magi
  5 manticores (D:14)
  5 elephants (Lair:4)
  2 cyclopes
  5 ugly things
  Joseph (D:7)
  5 black mambas
  2 centaur zombies
  12 spiny frogs
  3 ice statues (IceCv)
  An orange demon (Lair:6)
  3 gargoyles
  3 kobold demonologists
  An efreet (D:14)
  2 rime drakes
  Maggie (D:9)
  5 komodo dragons
  A hellwing (Lair:6)
  2 ice devils (Lair:6)
  A yaktaur (D:15)
  2 tengu conjurers (D:15)
  2 red devils (Lair:6)
  2 polar bears (Lair:6)
  5 trolls
  A wolf spider simulacrum (D:14)
  A harpy skeleton (D:14)
  9 tyrant leeches
  13 hornets
  18 slime creatures
  10 bog bodies
  A blink frog (shapeshifter) (D:15)
  6 blink frogs (Lair:6)
  A dream sheep (Lair:6)
  13 hippogriffs
  A centaur simulacrum (D:14)
  2 redbacks (Lair:3)
  2 shadows
  4 wraiths
  2 vampires
  5 wyverns
  Eustachio (D:4)
  A hog (Swamp:4)
  2 basilisks (D:8)
  50 yaks
  Grum (D:10)
  2 hungry ghosts
  25 vampire mosquitoes
  15 swamp worms
  3 acid dragons
  9 insubstantial wisps
  2 wargs (Orc:1)
  Edmund (D:6)
  A soldier ant (D:13)
  5 hell hounds (Lair:6)
  Duvessa (D:4)
  9 porcupines
  A floating eye (Lair:6)
  9 water moccasins
  10 swamp drakes
  5 black bears
  38 orc warriors
  2 sky beasts
  5 boggarts (D:15)
  19 ice beasts
  4 necrophages
  18 ogres
  8 wolves
  6 centaurs
  14 crocodiles
  Blork the orc (D:6)
  12 bullfrogs
  3 gnoll sergeants (D:9)
  Dowan (D:4)
  2 scorpions
  10 killer bees
  20 wights
  5 howler monkeys
  6 bullfrog zombies
  9 crimson imps
  3 quasits
  Crazy Yiuf (D:4)
  11 jellies
  26 orc priests
  2 hounds
  3 bullfrog skeletons
  6 centaur skeletons
  3 hell rats (Lair:6)
  26 orc wizards
  Ijyb (D:3)
  3 iguanas
  14 worker ants
  2 hound zombies (Ossuary)
  3 hound skeletons
  2 howler monkey zombies (Ossuary)
  19 mummies (Ossuary)
  4 worker ant zombies
  Robin (D:4)
  4 gnolls
  10 adders
  4 shadow imps
  5 oozes
  4 adder skeletons
  3 adder zombies
  6 worms
  A dart slug (D:5)
  4 leopard geckos
  97 orcs
  7 giant cockroaches
  16 goblins
  6 hobgoblins
  14 jackals
  9 quokkas
  6 ball pythons
  8 bats
  7 frilled lizards
  2 giant cockroach zombies
  15 kobolds
  A leopard gecko zombie (Ossuary)
  2 quokka skeletons
  10 rats
  A fungus (Lair:6)
965 creatures vanquished.

Vanquished Creatures (others)
  2 humans (Swamp:4)
  A swamp worm (Swamp:4)
  A hell rat (Lair:6)
  15 fungi
  6 plants
  2 withered plants (Ossuary)
27 creatures vanquished.

Grand Total: 992 creatures vanquished

Notes
Turn   | Place    | Note
-------+----------+-------------------------------------------
     0 | D:1      | gruber the Minotaur Gladiator began the quest for the Orb.
     0 | D:1      | Reached XP level 1. HP: 18/18 MP: 0/0
   148 | D:1      | Reached XP level 2. HP: 22/25 MP: 1/1
   424 | D:1      | Reached skill level 5 in Staves
   625 | D:2      | Reached XP level 3. HP: 26/30 MP: 2/2
  1142 | D:2      | Found a bloodstained altar of Trog.
  1761 | D:3      | Noticed Ijyb
  1770 | D:3      | Killed Ijyb
  1770 | D:3      | Reached XP level 4. HP: 32/37 MP: 1/3
  1823 | D:3      | Reached skill level 1 in Armour
  1830 | D:3      | Reached XP level 5. HP: 27/42 MP: 2/4
  2682 | D:4      | Noticed Duvessa
  2683 | D:4      | Noticed Dowan
  2696 | D:4      | Killed Duvessa
  2696 | D:4      | Reached skill level 5 in Armour
  2696 | D:4      | Reached XP level 6. HP: 41/50 MP: 3/5
  2697 | D:4      | Killed Dowan
  3111 | D:4      | Noticed Eustachio
  3123 | D:4      | Killed Eustachio
  3123 | D:4      | Reached XP level 7. HP: 52/56 MP: 4/6
  3206 | D:4      | Noticed Robin
  3219 | D:4      | Killed Robin
  3624 | D:4      | Found a runed translucent door.
  3625 | D:4      | Noticed Crazy Yiuf
  3638 | D:4      | Killed Crazy Yiuf
  4035 | D:5      | Entered Level 5 of the Dungeon
  4057 | D:5      | Found Asia's Food Shoppe.
  4058 | D:5      | Found a sand-covered staircase.
  4138 | Ossuary  | Entered an ossuary
  4159 | Ossuary  | Reached skill level 5 in Fighting
  4279 | Ossuary  | Reached XP level 8. HP: 65/70 MP: 7/7
  4700 | D:5      | Found a staircase to the Ecumenical Temple.
  4721 | D:5      | Learned a level 2 spell: Blink
  4725 | Temple   | Entered the Ecumenical Temple
  4745 | Temple   | Became a worshipper of Warmaster Okawaru
  5065 | D:5      | Reached * piety under Okawaru
  5198 | D:5      | Reached skill level 10 in Staves
  5199 | D:5      | Found a shattered altar of Ashenzari.
  5535 | D:5      | Reached XP level 9. HP: 75/75 MP: 8/8
  6044 | D:6      | Noticed Blork the orc
  6052 | D:6      | Killed Blork the orc
  6065 | D:6      | Got a shimmering dagger
  6066 | D:6      | Identified the +6 dagger of Ambiguity {vorpal, rF+} (You
                  | found it on level 6 of the Dungeon)
  6192 | D:6      | Reached ** piety under Okawaru
  6293 | D:6      | Found Muaqiuc's Antique Armour Boutique.
  6364 | D:6      | Noticed Edmund
  6388 | D:6      | Killed Edmund
  6580 | D:6      | Reached skill level 5 in Short Blades
  7694 | D:7      | Noticed Joseph
  7711 | D:7      | Killed Joseph
  7711 | D:7      | Reached *** piety under Okawaru
  7711 | D:7      | Reached XP level 10. HP: 77/83 MP: 9/9
  7754 | D:7      | Reached skill level 10 in Armour
  8275 | D:8      | Reached **** piety under Okawaru
  8645 | D:8      | Found a staircase to the Lair.
  9105 | D:9      | Received a gift from Okawaru
  9489 | D:9      | Noticed Maggie
  9508 | D:9      | Killed Maggie
 10019 | D:9      | Reached XP level 11. HP: 63/89 MP: 5/10
 10038 | D:9      | Got a smoking triple sword
 10039 | D:9      | Identified the +0 triple sword "Togef" {vorpal, rPois Int+5
                  | Dex+3 Stlth-} (You found it on level 9 of the Dungeon)
 10510 | D:10     | Entered Level 10 of the Dungeon
 10772 | D:10     | Noticed Grum
 10781 | D:10     | Noticed Sonja
 10794 | D:10     | Killed Grum
 10807 | D:10     | Cast into level 1 of the Abyss (Sonja)
 10831 | D:10     | Escaped the Abyss
 10857 | D:10     | Killed Sonja
 10857 | D:10     | Reached ***** piety under Okawaru
 11317 | D:11     | Noticed a two-headed ogre
 11331 | D:11     | Killed a two-headed ogre
 11331 | D:11     | Received a gift from Okawaru
 11333 | D:11     | HP: 1/97 [centaur/cursed +0 shortbow (6)]
 11680 | D:11     | Noticed a six-headed hydra
 11690 | D:11     | Killed a six-headed hydra
 11690 | D:11     | Received a gift from Okawaru
 11690 | D:11     | Reached skill level 10 in Fighting
 11711 | D:11     | Noticed a cyan ugly thing
 11729 | D:11     | Killed a cyan ugly thing
 13067 | D:11     | Found Dunnurir's Gadget Boutique.
 13687 | D:12     | Found a staircase to the Orcish Mines.
 13695 | D:12     | Noticed a sun demon
 13706 | D:11     | Reached XP level 12. HP: 25/112 MP: 1/11
 14036 | D:12     | Found Vog Ygeh's Distillery.
 14272 | D:12     | Reached skill level 5 in Dodging
 16529 | D:13     | Received a gift from Okawaru
 17315 | D:14     | Received a gift from Okawaru
 17336 | D:14     | Got a pitted bardiche {god gift}
 17337 | D:14     | Identified the +10 bardiche "Lulantog" {vorpal, Stlth+}
                  | (Okawaru gifted it to you on level 14 of the Dungeon)
 17347 | D:14     | Reached skill level 1 in Polearms
 17468 | D:14     | Noticed a tengu warrior
 17476 | D:14     | Killed a tengu warrior
 17476 | D:14     | Reached skill level 3 in Polearms
 17637 | D:14     | Reached skill level 4 in Polearms
 17723 | D:14     | Reached skill level 5 in Polearms
 17740 | D:14     | Noticed a centaur warrior
 17747 | D:14     | Killed a centaur warrior
 17750 | D:14     | Reached XP level 13. HP: 88/118 MP: 10/12
 17754 | D:14     | Received a gift from Okawaru
 17754 | D:14     | Reached skill level 6 in Polearms
 17759 | D:14     | Got polished steam dragon scales {god gift}
 17770 | D:14     | Identified the +0 steam dragon scales of the Untouchables
                  | {rN++ MR- Int+4} (Okawaru gifted it to you on level 14 of
                  | the Dungeon)
 18065 | D:14     | Reached skill level 7 in Polearms
 18208 | D:14     | Found a gate to the Vaults.
 18225 | D:14     | Reached skill level 8 in Polearms
 18619 | D:14     | Reached skill level 9 in Polearms
 19109 | D:14     | Reached skill level 10 in Polearms
 19494 | D:15     | Entered Level 15 of the Dungeon
 19496 | D:15     | Reached skill level 11 in Polearms
 19651 | Lair:1   | Entered Level 1 of the Lair of Beasts
 19897 | Lair:1   | Reached skill level 12 in Polearms
 20596 | Lair:2   | Received a gift from Okawaru
 20601 | Lair:2   | Got a slimy quarterstaff {god gift}
 20602 | Lair:2   | Identified the +8 quarterstaff of Guilt {venom, *Drain
                  | Str+4} (Okawaru gifted it to you on level 2 of the Lair of
                  | Beasts)
 21008 | Lair:2   | Got a sparkling granite ring
 21106 | Lair:2   | Reached ****** piety under Okawaru
 21174 | Lair:2   | Reached skill level 13 in Polearms
 21547 | Lair:3   | Found a staircase to the Swamp.
 21561 | Lair:3   | Found a frozen archway.
 21574 | Lair:3   | Lost intelligence.
 21574 | Lair:3   | Identified the ring "Vuac" {Ice rElec Str+7 Int-5} (You
                  | found it on level 2 of the Lair of Beasts)
 21631 | IceCv    | Entered an ice cave
 22459 | Lair:3   | Reached XP level 14. HP: 126/126 MP: 13/13
 22465 | Lair:3   | Found a hole to the Spider Nest.
 22780 | Lair:3   | Reached skill level 14 in Polearms
 23056 | Lair:4   | Found a shimmering blue altar of Sif Muna.
 23525 | Lair:4   | Found a glowing golden altar of the Shining One.
 24706 | Lair:5   | Reached skill level 15 in Polearms
 25373 | Lair:6   | Entered Level 6 of the Lair of Beasts
 25447 | Lair:6   | Found a staircase to the Slime Pits.
 26085 | Lair:6   | Reached skill level 16 in Polearms
 26370 | Lair:6   | Found a burning altar of Makhleb.
 26386 | Lair:6   | Received a gift from Okawaru
 26670 | Lair:6   | Found a gateway to Hell.
 26779 | Lair:6   | Reached skill level 17 in Polearms
 27633 | Orc:1    | Entered Level 1 of the Orcish Mines
 28077 | Orc:1    | Found a bloodstained altar of Trog.
 28499 | Orc:1    | Found a roughly hewn altar of Beogh.
 28595 | Orc:2    | Entered Level 2 of the Orcish Mines
 28939 | Orc:2    | Found a staircase to the Elven Halls.
 28977 | Orc:2    | Received a gift from Okawaru
 29125 | Orc:2    | Reached skill level 18 in Polearms
 29244 | Orc:2    | Reached XP level 15. HP: 123/132 MP: 14/14
 29576 | Orc:2    | Gained mutation: Your body sometimes deteriorates upon
                  | taking damage. [a neqoxec]
 29584 | Orc:2    | Found Haqonuik's Assorted Antiques.
 29584 | Orc:2    | Found Kebet's Assorted Antiques.
 29586 | Orc:2    | Found Moig's Magic Scroll Emporium.
 29586 | Orc:2    | Found Onemp's Jewellery Emporium.
 29644 | Orc:2    | Bought a flickering silver ring for 150 gold pieces
 29644 | Orc:2    | Identified the ring of Pikeali {rPois MP+9 Dex+2} (You
                  | bought it in a shop on level 2 of the Orcish Mines)
 29671 | Orc:2    | Bought a scroll labeled RIBAKI YVANERCH for 30 gold pieces
 29671 | Orc:2    | Bought a scroll labeled RIBAKI YVANERCH for 30 gold pieces
 29671 | Orc:2    | Bought a scroll labeled HAGAFAEQIS for 30 gold pieces
 29673 | Orc:2    | Bought a scroll of identify for 30 gold pieces
 29673 | Orc:2    | Bought a scroll of identify for 30 gold pieces
 29673 | Orc:2    | Bought a scroll of identify for 30 gold pieces
 29673 | Orc:2    | Bought a scroll of identify for 30 gold pieces
 29673 | Orc:2    | Bought a scroll of identify for 30 gold pieces
 30032 | Swamp:1  | Entered Level 1 of the Swamp
 30964 | D:15     | Received a gift from Okawaru
 30964 | D:15     | Reached skill level 19 in Polearms
 31418 | D:15     | Found a staircase to the Depths.
 32320 | Swamp:1  | Found a transporter.
 32453 | Swamp:1  | Reached skill level 20 in Polearms
 32804 | Swamp:1  | Found a transporter.
 34915 | Swamp:2  | Received a gift from Okawaru
 35873 | Swamp:2  | Found a runed translucent gate.
 35873 | Swamp:2  | Found a runed translucent gate.
 35873 | Swamp:2  | Found a runed translucent gate.
 35874 | Swamp:2  | Noticed xfalz's ghost (journeyman GnSk)
 35984 | Swamp:2  | Reached skill level 21 in Polearms
 36424 | Swamp:3  | Reached skill level 1 in Bows
 36475 | Swamp:2  | Received a gift from Okawaru
 36832 | Swamp:3  | Reached XP level 16. HP: 79/139 MP: 15/15
 37156 | Swamp:3  | Reached skill level 5 in Bows
 37916 | Swamp:4  | Entered Level 4 of the Swamp
 38119 | Swamp:4  | Noticed Kirke
 38151 | Swamp:4  | Killed Kirke
 38678 | Swamp:4  | Noticed a thorn hunter
 38755 | Swamp:4  | Killed a thorn hunter
 38755 | Swamp:4  | Reached skill level 10 in Bows
 38819 | Swamp:4  | Received a gift from Okawaru
 38933 | Swamp:4  | Noticed the 27-headed Lernaean hydra
 39135 | Swamp:4  | Reached skill level 1 in Translocations
 39247 | Swamp:4  | HP: 6/139 [seven-headed hydra (9)]
 39250 | Swamp:4  | HP: 2/139 [five-headed hydra (6)]
 39284 | Swamp:4  | HP: 4/139 [the 27-headed Lernaean hydra (10)]
 39284 | Swamp:4  | Slain by the 27-headed Lernaean hydra

Illustrated notes

Levels and vault maps discovered:
D:1:      zelgadis_glass_arrival_small, layout_basic
D:2:      layout_loops_ring, lemuel_doored_altar, kennysheep_cross_room,
          minmay_randomly_rotated_circles
D:3:      layout_basic, first_ration, uniq_ijyb
D:4:      layout_cave_pods, minmay_misc_feat_tower, uniq_eustachio, uniq_robin,
          uniq_crazy_yiuf_cottage, uniq_duvessa
D:5:      cheibrodos_fzero, layout_rooms, minmay_temple_entry_offerings,
          serial_shops, shop_fountains, nicolae_ossuary_entry_monument,
          cheibrodos_ashenzari_chains
D:6:      layout_cave_pods, serial_shops, shop, uniq_edmund, uniq_blork_the_orc
D:7:      layout_basic, uniq_joseph
D:8:      layout_rooms, minmay_lair_entry_grove
D:9:      layout_cave_pools, sword_in_stone, uniq_maggie
D:10:     layout_big_octagon, uniq_grum, uniq_sonja
D:11:     minmay_the_grid_net [minmay_the_grid_medium_cups,
          minmay_the_grid_tree, minmay_the_grid_minigrid_small,
          minmay_the_grid_large_cup, minmay_the_grid_paths,
          minmay_the_grid_prize_inner_circle], layout_cave_pods, serial_shops,
          shop
D:12:     layout_cave_pools, orc_0_dummy, serial_shops, shop, special_room
          [special_room_orc]
D:13:     layout_gridville
D:14:     layout_loops_ring, lightli_vaults_fourway_checkpoint
D:15:     grunt_enter_depths_hoard, layout_irregular_city,
          minmay_misc_feat_plants
Temple:   nicolae_temple_the_god_donut
Lair:1:   layout_loops_ring, minmay_holes, chequers_serial_rivers_micro_d,
          grunt_megastairs_2
Lair:2:   layout_cave_pods
Lair:3:   layout_chaotic_city, swamp_mist_pool, spider_nest_entry_webs,
          portal_ice_cave_entry_ice_beasts
Lair:4:   layout_misc_corridors, basic_altar, minivault_25, lemuel_oklob_altar,
          lemuel_fruit_tree
Lair:5:   layout_cave_pods, serial_bayou_shore_b, infiniplex_staircase_pool_2
Lair:6:   evil_forest, layout_regular_city, nicolae_slime_entry_slimehenge,
          disabler_island
Swamp:1:  gammafunk_worm_tunnel, layout_falls_marsh,
          nicolae_swamp_trees_clearing, swamp_pool3, infiniplex_staircase_pool
Swamp:2:  layout_basic_swamp, gammafunk_ghost_hydra_chop, hangedman_swamp_lotus
Swamp:3:  layout_basic_swamp, nicolae_swamp_dense_foliage
Swamp:4:  swamp_old_school, layout_basic_swamp, gammafunk_ghost_mausoleum,
          uniq_kirke
Orc:1:    layout_caves, hangedman_feature_mirror
Orc:2:    st_orc_elflike, layout_caves

Skill      XL: |  1  2  3  4  5  6  7  8  9 10 11 12 13 14 15 16 |
---------------+-------------------------------------------------+-----
Staves         | 4 5 6 10 11 12 14 | 14.0
Armour         | 3 5 7 8 9 13 14 | 14.3
Fighting       | 6 12 | 12.0
Short Blades   | 6 |  6.0
Dodging        | 8 |  8.0
Polearms       | 5 13 18 21 | 21.1
Bows           | 4 10 | 10.6
Translocations | 1 |  1.7
Throwing       | |  2.0

Action                   |  1- 3 |  4- 6 |  7- 9 | 10-12 | 13-15 | 16-18 || total
-------------------------+-------+-------+-------+-------+-------+-------++-------
Melee: Quarterstaff      |    87 |    94 |   394 |   510 |    11 |    33 ||  1129
       Headbutt          |    13 |    19 |   123 |   269 |   217 |    58 ||   699
       Dagger            |       |       |   154 |   528 |   104 |    30 ||   816
       Punch             |       |       |     1 |     1 |       |     1 ||     3
       Bardiche          |       |       |       |    35 |  1057 |   130 ||  1222
 Fire: Longbow           |       |       |       |       |     2 |    64 ||    66
Throw: Dart              |       |       |       |     9 |     8 |       ||    17
       Throwing net      |       |       |       |     2 |       |       ||     2
       Javelin           |       |       |       |       |     1 |       ||     1
Invok: Heroism           |       |       |     1 |    13 |    10 |     2 ||    26
       Finesse           |       |       |       |       |     1 |     1 ||     2
Evoke: Wand              |       |       |       |     2 |     3 |     6 ||    11
  Use: Scroll            |       |       |       |    18 |    14 |     6 ||    38
       Potion            |       |       |       |     1 |     1 |     4 ||     6
 Stab: Held in net/web   |       |       |       |     1 |       |       ||     1
       Sleeping          |       |       |       |     1 |     4 |       ||     5
       Distracted        |       |       |       |       |     2 |       ||     2
       Confused          |       |       |       |       |     1 |       ||     1
  Eat: Chunk             |     3 |     4 |    15 |    31 |    39 |     4 ||    96
       Ration            |       |       |       |     1 |     7 |     1 ||     9
Armor: Leather armour    |    26 |    12 |       |       |       |       ||    38
       Scale mail        |       |    29 |   197 |   425 |   356 |       ||  1007
       Ice dragon scales |       |       |       |       |   227 |   270 ||   497
Dodge: Dodged            |    73 |    57 |   245 |   547 |   971 |   241 ||  2134
